 Dungeon Crawl Stone Soup version 0.19.5 (webtiles) character file.

60 ivers0n the Charmwright (level 3, 0/25 HPs)
             Began as a High Elf Skald on Mar 28, 2017.
             Was an Initiate of Okawaru.
             Killed from afar by an orc wizard (6 damage)
             ... with a magic dart
             ... on level 3 of the Dungeon.
             The game lasted 00:26:54 (1776 turns).

ivers0n the Charmwright (High Elf Skald)            Turns: 1776, Time: 00:26:58

Health: 0/25       AC:  3    Str: 11    XL:     3   Next: 82%
Magic:  4/8        EV: 11    Int: 16    God:    Okawaru [......]
Gold:   25         SH:  0    Dex: 15    Spells: 1 memorised, 7 levels left

rFire  . . .     SeeInvis .     a - +0 short sword
rCold  . . .     Gourm    .     b - +0 leather armour
rNeg   . . .     Faith    .     (no shield)
rPois  .         Spirit   .     (no helmet)
rElec  .         Reflect  .     (no cloak)
rCorr  .         Harm     .     (no gloves)
MR     .....                    (no boots)
Stlth  +.........               (no amulet)
                                (no ring)
                                (no ring)

@: infused
A: no striking features
a: Renounce Religion


You were on level 3 of the Dungeon.
You worshipped Okawaru.
Okawaru was noncommittal.
You were not hungry.

You visited 1 branch of the dungeon, and saw 3 of its levels.

You collected 25 gold pieces.

Inventory:

Hand Weapons
 a - a +0 short sword (weapon)
 h - a +0 mace
 i - a +0 war axe
 l - a +0 short sword
 m - a +0 hand axe
 n - a +0 whip
 p - a +0 fustibalus
 r - a +0 morningstar
Missiles
 f - 78 stones (quivered)
 o - 3 poisoned javelins
 q - 18 poisoned needles
Armour
 b - a +0 leather armour (worn)
 s - a +0 scale mail
Scrolls
 j - 2 scrolls of identify
Potions
 e - a potion of ambrosia {unknown}
 g - a potion of lignification {unknown}
 k - a potion of flight {unknown}
Books
 c - a book of Battle

   Spells                             Type                      Level
   a - Infusion                       Charms                       1
   b - Shroud of Golubria             Charms/Translocation         2
   c - Song of Slaying                Charms                       2
   d - Spectral Weapon                Hexes/Charms                 3
   e - Regeneration                   Charms/Necromancy            3
Comestibles
 d - a slice of pizza
 t - a bread ration


   Skills:
 + Level 2.4 Fighting
 - Level 2.5 Short Blades
 + Level 1.2 Throwing
 + Level 1.2 Armour
 - Level 1.1 Dodging
 + Level 0.5 Stealth
 + Level 3.0 Spellcasting
 + Level 4.3 Charms


You had 7 spell levels left.
You knew the following spells:

 Your Spells              Type           Power        Failure   Level  Hunger
a - Infusion              Chrm           ###.         4%          1    #......


Dungeon Overview and Level Annotations

Branches:
Dungeon (3/15)

Altars:
Elyvilon
Okawaru
Ru
Trog


Message History

The orc is heavily wounded.
The orc barely misses you.
Your leather armour prevents you from hitting the orc.
The orc is heavily wounded.
The orc wizard mumbles some strange words.
The orc wizard flickers and vanishes!
Deactivating autopickup; reactivate with Ctrl-A.
The orc priest looks braver for a moment.
The orc hits you.
* * * LOW HITPOINT WARNING * * *
You closely miss the orc.
The orc is heavily wounded.
The orc hits you but does no damage.
You hit the orc.
You kill the orc!
Okawaru accepts your kill.
Your Spellcasting skill increases to level 3!
A magic dart appears from out of thin air!
The magic dart hits you!
You die...

,,,,,,,,,>,,,,,,,,*,***,***,,,,,,
*********.o,****,,*,* *,,<,,,,,,,
* *#.,,,**,,*,*********,,,, *
#..,,,,,,,,,,,* *,,,,,,
********##...,***,****,* *,,,**,
**,,,,,,.(.#.#* *,****,****,,,**,
**,******##..o#**,,,,,,,,,,,,,**,
**,* ##..>oo######*,,,,,,,***,
**,*****#(...h{(@..(#******,,* *,
,,,,,,,,.....(h####.# **,* *,
,***,*,,..#...#* #.# *,* *, ,*
*,,,,,*##..* ##.## *,* *,
,***,*,*,* ##.* ##...##**##*,***,
,,,,,,,*,***#.###.....##...,,,,,,
,****,,*,,,,...#.......#.#*******
,**,,,,,,,,,......^_.....# *,
,**,*,,*,***#.##.......### *,


You could see an orc priest, 2 orcs and 2 jackals.

Vanquished Creatures
  An adder (D:2)
  A worm (D:3)
  An orc (D:3)
  A ball python (D:1)
  4 bats
  4 giant cockroaches
  4 goblins
  4 hobgoblins
  7 jackals
  7 kobolds
  3 frilled lizards
  5 rats
42 creatures vanquished.

Notes
Turn   | Place    | Note
-------+----------+-------------------------------------------
     0 | D:1      | ivers0n the High Elf Skald began the quest for the Orb.
     0 | D:1      | Reached XP level 1. HP: 14/14 MP: 4/4
   394 | D:1      | Reached XP level 2. HP: 19/19 MP: 3/6
   444 | D:1      | Reached skill level 4 in Charms
   450 | D:1      | Reached skill level 1 in Armour
   847 | D:1      | Reached XP level 3. HP: 24/24 MP: 8/8
  1220 | D:2      | Reached skill level 1 in Throwing
  1594 | D:2      | You fall through a shaft!
  1662 | D:3      | Found a bloodstained altar of Trog.
  1666 | D:3      | Found a white marble altar of Elyvilon.
  1672 | D:3      | Found a sacrificial altar of Ru.
  1721 | D:3      | Found an iron altar of Okawaru.
  1735 | D:3      | Became a worshipper of Warmaster Okawaru
  1776 | D:3      | Killed from afar by an orc wizard

Skill      XL: |  1  2  3 |
---------------+----------+-----
Charms         | 4 |  4.3
Armour         | 1 |  1.2
Throwing       | 1 |  1.2
Spellcasting   | 3 |  3.0
Fighting       | |  2.4
Short Blades   | |  2.5
Dodging        | |  1.1
Stealth        | |  0.5

Action                   || total
-------------------------++-------
Melee: Short sword       ||   119
 Fire: Fustibalus        ||     2
Throw: Stone             ||    79
 Cast: Infusion          ||    11
  Use: Scroll            ||     4
 Stab: Sleeping          ||     1
  Eat: Bread ration      ||     1
       Pizza             ||     1
Armor: Leather armour    ||    31
Dodge: Dodged            ||    56
